 Dungeon Crawl Stone Soup version 0.30-a0-509-gd016549fea (webtiles) character file.

Game seed: 15405098489119656970

19 wormed the Vexing (level 2, 23/23 HPs)
             Began as a Gnoll Hexslinger on Dec 23, 2022.
             Quit the game on level 1 of the Dungeon.
             The game lasted 00:03:08 (607 turns).

wormed the Vexing (Gnoll Hexslinger)                 Turns: 607, Time: 00:03:08

Health: 23/23      AC:  3    Str:  9    XL:     2   Next: 75%
Magic:  5/5        EV: 13    Int: 12    God:
Gold:   42         SH:  0    Dex: 12    Spells: 5/6 levels left

rFire   . . .      SeeInvis .    a - +1 sling
rCold   . . .      Faith    .    (no shield)
rNeg    . . .      Spirit   .    c - +0 robe
rPois   .          Reflect  .    (no helmet)
rElec   .          Harm     .    (no cloak)
rCorr   .          Rampage  .    (no gloves)
Will    .....                    e - +0 pair of boots
Stlth   +.........               (no amulet)
HPRegen 0.23/turn                (no ring)
MPRegen 0.09/turn                (no ring)

@: no status effects
A: fangs 1, strong nose, distributed training
a: no special abilities


You were on level 1 of the Dungeon.
You visited 1 branch of the dungeon, and saw 1 of its levels.

You collected 42 gold pieces.

Inventory:

Hand Weapons
 a - a +1 sling (weapon)
Armour
 c - a +0 robe (worn)
 e - a +0 pair of boots (worn)
Jewellery
 d - a ring of wizardry
Scrolls
 b - a scroll of poison
 f - 2 scrolls of identify {unknown}
 j - a scroll of vulnerability {unknown}
Potions
 g - a potion of heal wounds {unknown}
 h - a potion of mutation {unknown}
 i - a potion of attraction {unknown}


   Skills:
 + Level 2.5 Fighting
 + Level 0.5 Short Blades
 + Level 0.5 Long Blades
 + Level 0.5 Axes
 + Level 0.5 Maces & Flails
 + Level 0.5 Polearms
 + Level 0.5 Staves
 + Level 4.5 Ranged Weapons
 + Level 0.5 Throwing
 + Level 0.5 Armour
 + Level 4.5 Dodging
 + Level 0.5 Stealth
 + Level 0.5 Shields
 + Level 0.5 Unarmed Combat
 + Level 2.7 Spellcasting
 + Level 0.4 Conjurations
 + Level 5.4 Hexes
 + Level 0.4 Summonings
 + Level 0.4 Necromancy
 + Level 0.4 Translocations
 + Level 0.4 Transmutations
 + Level 0.4 Fire Magic
 + Level 0.4 Ice Magic
 + Level 0.4 Air Magic
 + Level 0.4 Earth Magic
 + Level 0.4 Poison Magic
 + Level 0.7 Invocations
 + Level 0.5 Evocations


You had 5 spell levels left.
You knew the following spells:

 Your Spells              Type           Power      Damage    Failure   Level
a - Slow                  Hex            56%        N/A       2%          1

Your spell library contained the following spells:

 Spells                   Type           Power      Damage    Failure   Level
 Inner Flame              Hex/Fire       8%         N/A       22%         3
 Portal Projectile        Hex/Tloc       16%        N/A       22%         3
 Cause Fear               Hex            7%         N/A       26%         4


Dungeon Overview and Level Annotations

Branches:
Dungeon (1/15)

Altars:


Innate Abilities, Weirdness & Mutations

You have very sharp teeth.
Your uncanny sense of smell can sniff out nearby items.
Your experience applies equally to all skills.


Message History

Press: ? - help, Q - select action, (/) - cycle Shift-Dir - straight line, f/p - goblin
Aim: a goblin, wielding a +0 club (severely wounded, 51% to hit)
You shoot a sling bullet.
The sling bullet barely misses the goblin.
The goblin hits you with a +0 club.
Fire: a) +1 sling
Press: ? - help, Q - select action, (/) - cycle Shift-Dir - straight line, f/p - goblin
Aim: a goblin, wielding a +0 club (severely wounded, 51% to hit)
You shoot a sling bullet. The sling bullet hits the goblin.
You kill the goblin!
Fire: a) +1 sling
Press: ? - help, Q - select action, (/) - cycle Shift-Dir - straight line, f - you Really target yourself? [Y]es or [N]o only, please.
Really target yourself? [Y]es or [N]o only, please.
Really target yourself?
Okay, then.
A bat comes into view.
The bat moves out of view.
Things that are here:
a +0 club; a goblin corpse A bat is nearby!
A bat is nearby!
A bat is nearby!
Fire: a) +1 sling
Press: ? - help, Q - select action, (/) - cycle Shift-Dir - straight line, f - bat
Aim: a bat (44% to hit)
You shoot a sling bullet. The sling bullet hits the bat.
The bat is moderately wounded.
Fire: a) +1 sling
Press: ? - help, Q - select action, (/) - cycle Shift-Dir - straight line, f/p - bat
Aim: a bat (moderately wounded, 44% to hit)
You shoot a sling bullet. The sling bullet hits the bat.
You kill the bat!
Are you sure you want to abandon this character and quit the game? (Confirm with "yes".)
Okay, then.
Unknown command.
Unknown command.
Are you sure you want to abandon this character and quit the game? (Confirm with "yes".)

#######.######...#
...............^.#
#######....###...#
####)# ##### #.#
#.# #.# #.# #@#
#......# #.###..#
#..# #..# #$.#
#..# #..#


There were no monsters in sight!

Vanquished Creatures
  2 ball pythons (D:1)
  An endoplasm (D:1)
  A giant cockroach (D:1)
  3 goblins (D:1)
  3 hobgoblins (D:1)
  2 kobolds (D:1)
  A quokka (D:1)
  2 bats (D:1)
  A frilled lizard (D:1)
16 creatures vanquished.

Notes
Turn   | Place    | Note
-------+----------+-------------------------------------------
     0 | D:1      | wormed the Gnoll Hexslinger began the quest for the Orb.
     0 | D:1      | Reached XP level 1. HP: 17/17 MP: 4/4
   117 | D:1      | Reached XP level 2. HP: 11/23 MP: 5/5
   607 | D:1      | Quit the game

Illustrated notes

Levels and vault maps discovered:
D:1:      mrwooster_arrival_statue, layout_loops_ring

Action                   || total
-------------------------++-------
 Fire: Sling             ||    60
 Cast: Slow              ||     6
Armor: Robe              ||     5
Dodge: Dodged            ||    27

Table legend: (Time is in decaauts)
 A = Elapsed time spent in this place.
 B = Non-inter-level travel time spent in this place.
 C = Inter-level travel time spent in this place.
 D = Time resting spent in this place.
 E = Time spent auto-exploring this place.
 F = Levels seen in this place.
 G = Mean time per level.
                   A        B        C        D        E       F      G
               +--------+--------+--------+--------+--------+-----+--------+
         Total |    617 |    617 |      0 |      0 |    471 |   1 |  617.0 |
       Dungeon |    617 |    617 |      0 |      0 |    471 |   1 |  617.0 |
               +--------+--------+--------+--------+--------+-----+--------+

Top non-repeatable levels by time:
     D:1: 617 daAuts
